 Dungeon Crawl Stone Soup version 0.22-a0-433-gd2a9cce (webtiles) character file.

1057 Firecrotchwizard the Cudgeler (level 8, -5/44 HPs)
             Began as a Vine Stalker Fighter on May 28, 2018.
             Was a Believer of Okawaru.
             Slain by Firecrotchwizard's ghost (9 damage)
             ... on level 5 of the Dungeon.
             The game lasted 00:08:20 (4036 turns).

Firecrotchwizard the Cudgeler (VSFi)                Turns: 4036, Time: 00:08:20

Health: -5/44      AC:  8    Str: 20    XL:     8   Next: 26%
Magic:  0/9        EV:  7    Int:  8    God:    Okawaru [**....]
Gold:   256        SH:  9    Dex: 15    Spells: 7/7 levels left

rFire    . . .     SeeInvis .   n - +2 dagger (venom)
rCold    . . .     Gourm    .   c - +0 shield
rNeg     . . .     Faith    .   b - +0 scale mail
rPois    +         Spirit   +   s - +0 helmet
rElec    .         Reflect  .   (no cloak)
rCorr    .         Harm     .   (no gloves)
MR       +....                  k - +0 pair of boots
Stlth    ..........             (no amulet)
HPRegen  0.54/turn              q - ring of poison resistance {rPois, !d}
MPRegen  0.11/turn              (no ring)

@: no status effects
A: fangs 3, regeneration 1, magic shield, antimagic bite, no potion heal 3, rot
immunity
a: Heroism, Renounce Religion


You were on level 5 of the Dungeon.
You worshipped Okawaru.
Okawaru was pleased with you.
You were not hungry.

You visited 2 branches of the dungeon, and saw 6 of its levels.

You collected 256 gold pieces.

Inventory:

Hand Weapons
 a - a +0 flail
 n - a +2 dagger of venom (weapon)
   (You took it off a goblin on level 2 of the Dungeon)
Armour
 b - a +0 scale mail (worn)
 c - a +0 shield (worn)
 k - a +0 pair of boots (worn)
   (You found it on level 2 of the Dungeon)
 s - a +0 helmet (worn)
   (You found it on level 3 of the Dungeon)
Jewellery
 q - a ring of poison resistance (left hand) {rPois, !d}
   (You found it on level 2 of the Dungeon)
Wands
 x - a wand of random effects (26)
   (You took it off an orc on level 5 of the Dungeon)
Scrolls
 h - 2 scrolls of enchant weapon {unknown}
 i - 3 scrolls of teleportation
 j - 2 scrolls of identify
 l - a scroll of fog {unknown}
 r - 4 scrolls of magic mapping {unknown}
 t - 3 scrolls of enchant armour {unknown}
 v - a scroll of remove curse {unknown}
Potions
 d - 2 potions of might
 e - 5 potions of flight {unknown}
 g - a potion of magic {unknown}
 m - a potion of berserk rage {unknown}
 o - 2 potions of brilliance {unknown}
 p - a potion of agility {unknown}
 w - a potion of resistance {unknown}
 z - a potion of mutation {unknown}
Comestibles
 f - 7 rations {@e1}
 u - 5 chunks of flesh {@w0}


   Skills:
 + Level 5.6 Fighting
 * Level 7.2 Maces & Flails
 - Level 2.4 Armour
 - Level 2.6 Shields


You had 7 spell levels left.
You didn't know any spells.
Your spell library was empty.

Dungeon Overview and Level Annotations

Branches:
Dungeon (5/15)             Temple (1/1) D:4

Altars:
Ashenzari
Cheibriados
Dithmenos
Elyvilon
Fedhas
Gozag
Hepliaklqana
Kikubaaqudgha
Makhleb
Nemelex Xobeh
Okawaru
Qazlal
Ru
Sif Muna
Uskayaw
Vehumet
Wu Jian
Yredelemnul
Zin
The Shining One

Annotations:
D:5 Firecrotchwizard's ghost, novice VSFi


Innate Abilities, Weirdness & Mutations

You have razor-sharp teeth.
Your natural rate of healing is unusually fast.
When hurt, damage is shared between your health and your magic reserves.
Your bite disrupts and absorbs the magic of your enemies.
Potions cannot restore your health.
You are immune to rotting.


Message History

You barely miss Firecrotchwizard's ghost.
You bite Firecrotchwizard's ghost. You drain its power.
You feel invigorated.
You block Firecrotchwizard's ghost's attack.
MP restored: 9 You hit Firecrotchwizard's ghost but do no damage.
Firecrotchwizard's ghost barely misses you.
Firecrotchwizard's ghost says, "I died poor and in vain, but not as a freak."
Firecrotchwizard's ghost hits you.
You take 4 damage, and have 32/44 hp.
You now have 8/9 mp.
You hit Firecrotchwizard's ghost but do no damage.
You bite Firecrotchwizard's ghost. You drain its power.
You feel invigorated.
You block Firecrotchwizard's ghost's attack.
MP restored: 9 You hit Firecrotchwizard's ghost but do no damage.
Firecrotchwizard's ghost hits you!
You take 7 damage, and have 26/44 hp.
You now have 7/9 mp.
You hit Firecrotchwizard's ghost. You bite Firecrotchwizard's ghost.
You drain its power.
You feel invigorated.
You block Firecrotchwizard's ghost's attack.
MP restored: 9 Your shield and scale mail prevent you from hitting Firecrotchwizard's ghost.
You bite Firecrotchwizard's ghost, but do no damage.
Firecrotchwizard's ghost hits you but does no damage.
You hit Firecrotchwizard's ghost but do no damage.
You bite Firecrotchwizard's ghost, but do no damage.
Firecrotchwizard's ghost hits you.
You take 2 damage, and have 25/44 hp.
You now have 8/9 mp.
You hit Firecrotchwizard's ghost but do no damage.
Your bite misses Firecrotchwizard's ghost.
Firecrotchwizard's ghost closely misses you.
You hit Firecrotchwizard's ghost but do no damage.
Your bite misses Firecrotchwizard's ghost.
You block Firecrotchwizard's ghost's attack.
MP restored: 9 You barely miss Firecrotchwizard's ghost.
You bite Firecrotchwizard's ghost, but do no damage.
Firecrotchwizard's ghost closely misses you.
Your shield and scale mail prevent you from hitting Firecrotchwizard's ghost.
Firecrotchwizard's ghost hits you but does no damage.
You hit Firecrotchwizard's ghost but do no damage.
You bite Firecrotchwizard's ghost, but do no damage.
Firecrotchwizard's ghost barely misses you.
You block Firecrotchwizard's ghost's attack.
You hit Firecrotchwizard's ghost but do no damage.
You bite Firecrotchwizard's ghost, but do no damage.
Firecrotchwizard's ghost hits you but does no damage.
You barely miss Firecrotchwizard's ghost.
Firecrotchwizard's ghost hits you!
You take 6 damage, and have 23/44 hp.
You now have 7/9 mp.
You hit Firecrotchwizard's ghost but do no damage.
Your bite misses Firecrotchwizard's ghost.
Firecrotchwizard's ghost hits you!
* * * LOW HITPOINT WARNING * * *
You take 10 damage, and have 13/44 hp.
MASSIVE DAMAGE!!
You now have 4/9 mp.
You hit Firecrotchwizard's ghost but do no damage.
Firecrotchwizard's ghost closely misses you.
You hit Firecrotchwizard's ghost but do no damage.
Firecrotchwizard's ghost hits you.
* * * LOW HITPOINT WARNING * * *
You take 1 damage, and have 12/44 hp.
You hit Firecrotchwizard's ghost. You bite Firecrotchwizard's ghost.
You drain its power.
You feel invigorated.
Firecrotchwizard's ghost hits you but does no damage.
You hit Firecrotchwizard's ghost but do no damage.
You bite Firecrotchwizard's ghost. You drain its power.
You feel invigorated.
Firecrotchwizard's ghost hits you but does no damage.
MP restored: 9 You barely miss Firecrotchwizard's ghost.
You bite Firecrotchwizard's ghost, but do no damage.
Firecrotchwizard's ghost hits you!
* * * LOW HITPOINT WARNING * * *
You take 6 damage, and have 7/44 hp.
You now have 4/9 mp.
Your shield and scale mail prevent you from hitting Firecrotchwizard's ghost.
Firecrotchwizard's ghost hits you but does no damage.
You hit Firecrotchwizard's ghost.
You bite Firecrotchwizard's ghost, but do no damage.
You block Firecrotchwizard's ghost's attack.
You barely miss Firecrotchwizard's ghost.
Firecrotchwizard's ghost hits you.
* * * LOW HITPOINT WARNING * * *
You hit Firecrotchwizard's ghost but do no damage.
You bite Firecrotchwizard's ghost, but do no damage.
Firecrotchwizard's ghost closely misses you.
You take 2 damage, and have 6/44 hp.
You hit Firecrotchwizard's ghost. You bite Firecrotchwizard's ghost.
You drain its power.
You feel invigorated.
Firecrotchwizard's ghost hits you but does no damage.
Firecrotchwizard's ghost hits you!
* * * LOW HITPOINT WARNING * * *
You hit Firecrotchwizard's ghost.
You block Firecrotchwizard's ghost's attack.
You take 3 damage, and have 3/44 hp.
You now have 3/9 mp.
You hit Firecrotchwizard's ghost but do no damage.
Firecrotchwizard's ghost hits you but does no damage.
You completely miss Firecrotchwizard's ghost.
Your bite misses Firecrotchwizard's ghost.
Firecrotchwizard's ghost hits you!
You die...

#........#####
...(.........##################
.............'...............>#
#............###.####...#####.#
#............# #.#....#.# #?..#
.............# #.#.##.#.# #.###
.............# #.#.####.###.#
.............#
#.#..........#####
.............#
#@######..........
#............# #W# ##########.
#######'###### #.# #. #.## #.#
#####. #..# #.# #..... ##.##
##'######## #.####
#####..#####.........# #.#
#....(....##.........# #.#
#.........##.........# #.#


You could see Firecrotchwizard's ghost.

Vanquished Creatures
  2 sky beasts (D:5)
  A black bear (D:5)
  2 ogres (D:4)
  2 centaurs (D:5)
  A jelly (D:5)
  A centaur skeleton (D:5)
  2 hounds (D:5)
  A bullfrog skeleton (D:3)
  2 orc wizards
  3 worker ants
  A worker ant zombie (D:5)
  7 adders
  3 gnolls (D:5)
  An ooze (D:4)
  4 worms
  3 dart slugs
  2 leopard geckos
  3 orcs (D:5)
  10 bats
  3 giant cockroaches
  10 goblins
  3 hobgoblins
  5 jackals (D:1)
  2 quokkas
  9 frilled lizards
  5 kobolds
  10 rats
98 creatures vanquished.

Vanquished Creatures (others)
  A hobgoblin (D:2)
  2 jackals (D:2)
3 creatures vanquished.

Grand Total: 101 creatures vanquished

Notes
Turn   | Place    | Note
-------+----------+-------------------------------------------
     0 | D:1      | Firecrotchwizard the Vine Stalker Fighter began the quest for the Orb.
     0 | D:1      | Reached XP level 1. HP: 11/11 MP: 2/2
    35 | D:1      | Reached skill level 2 in Maces & Flails
   223 | D:1      | Reached XP level 2. HP: 16/16 MP: 3/3
   390 | D:1      | Reached skill level 3 in Fighting
   425 | D:1      | Reached XP level 3. HP: 17/20 MP: 4/4
   902 | D:2      | Reached skill level 3 in Maces & Flails
  1438 | D:2      | Gained mutation: Your natural rate of healing is unusually fast. [Vine Stalker growth]
  1438 | D:2      | Reached XP level 4. HP: 19/24 MP: 3/5
  2268 | D:3      | Reached skill level 4 in Maces & Flails
  2268 | D:3      | Reached XP level 5. HP: 26/28 MP: 6/6
  2271 | D:3      | Found a sparkling altar of Nemelex Xobeh.
  2275 | D:3      | Found a glowing golden altar of the Shining One.
  2281 | D:3      | Found a basalt altar of Yredelemnul.
  2304 | D:3      | Found a hide-covered altar of Uskayaw.
  2307 | D:3      | Found a shadowy altar of Dithmenos.
  2602 | D:4      | Found a staircase to the Ecumenical Temple.
  2611 | Temple   | Entered the Ecumenical Temple
  2618 | Temple   | Became a worshipper of Warmaster Okawaru
  2714 | D:4      | Noticed an ogre
  2745 | D:4      | Killed an ogre
  2745 | D:4      | Reached skill level 4 in Fighting
  2745 | D:4      | Reached XP level 6. HP: 18/33 MP: 4/7
  2857 | D:4      | Reached skill level 5 in Maces & Flails
  3111 | D:5      | Entered Level 5 of the Dungeon
  3177 | D:5      | Noticed a sky beast
  3211 | D:5      | Killed a sky beast
  3211 | D:5      | Reached XP level 7. HP: 30/38 MP: 8/8
  3213 | D:4      | Reached * piety under Okawaru
  3292 | D:5      | Reached skill level 6 in Maces & Flails
  3296 | D:5      | HP: 9/38 [acid (4)]
  3378 | D:5      | Noticed Firecrotchwizard's ghost (novice VSFi)
  3595 | D:5      | Reached skill level 5 in Fighting
  3732 | D:5      | Gained mutation: You have razor-sharp teeth. [Vine Stalker growth]
  3732 | D:5      | Reached XP level 8. HP: 36/43 MP: 7/9
  3831 | D:5      | Reached skill level 7 in Maces & Flails
  3856 | D:5      | Reached ** piety under Okawaru
  4028 | D:5      | HP: 7/44 [Firecrotchwizard's ghost (7)]
  4033 | D:5      | HP: 3/44 [Firecrotchwizard's ghost (4)]
  4036 | D:5      | Slain by Firecrotchwizard's ghost

Vault maps used:
D:1:      dpeg_arrival_refuge
D:2:      lemuel_flame_loot_1
D:3:      minmay_overflow_temple_star_hex, first_ration
D:4:      minmay_temple_entry_large_hall
D:5:      black_bear_nest_2, solitary_fountain, nicolae_zen_rock_garden
Temple:   nicolae_temple_no_exploring_needed

Skill      XL: |  1  2  3  4  5  6  7  8 |
---------------+-------------------------+-----
Maces & Flails | 2 3 4 5 6 7 |  7.2
Fighting       | 3 4 5 |  5.6
Armour         | |  2.4
Shields        | |  2.6

Action                   |  1- 3 |  4- 6 |  7- 9 || total
-------------------------+-------+-------+-------++-------
Melee: Flail             |   109 |       |       ||   109
       Bite              |    28 |    42 |    69 ||   139
       Dagger            |    12 |   116 |   143 ||   271
Invok: Heroism           |       |       |     1 ||     1
  Use: Scroll            |       |     2 |     1 ||     3
  Eat: Chunk             |     2 |     2 |     3 ||     7
       Ration            |       |     1 |       ||     1
Armor: Scale mail        |    52 |    44 |    39 ||   135
Dodge: Dodged            |    47 |    31 |    39 ||   117
Block: Shield            |    65 |    61 |    66 ||   192

Table legend:
 A = Spawn XP
 B = Non-spawn XP
 C = Spawn XP percentage of total XP
 D = Spawn monster count
 E = Non-spawn monster count
 F = Spawn count percentage of total count
 G = Total turns spent on level
                    A         B        C        D         E        F      G
               +---------+---------+-------+---------+---------+-------+---------
         Total |       0 |    1510 |   0.0 |       0 |      98 |   0.0 |  4036
               +---------+---------+-------+---------+---------+-------+---------
           D:1 |       0 |      46 |   0.0 |       0 |      28 |   0.0 |   794
           D:2 |       0 |      76 |   0.0 |       0 |      21 |   0.0 |  1085
           D:3 |       0 |      68 |   0.0 |       0 |      10 |   0.0 |   716
           D:4 |       0 |     371 |   0.0 |       0 |      12 |   0.0 |   578
           D:5 |       0 |     949 |   0.0 |       0 |      27 |   0.0 |   848
               +---------+---------+-------+---------+---------+-------+---------

Vault maps used:
D:1:      dpeg_arrival_refuge
D:2:      lemuel_flame_loot_1
D:3:      minmay_overflow_temple_star_hex, first_ration
D:4:      minmay_temple_entry_large_hall
D:5:      black_bear_nest_2, solitary_fountain, nicolae_zen_rock_garden
Temple:   nicolae_temple_no_exploring_needed

Table legend:
 A = Turns spent in this place as a percentage of turns spent in the entire game.
 B = Non-inter-level travel turns spent in this place as a percentage of non-inter-level travel turns spent in the entire game.
 C = Inter-level travel turns spent in this place as a percentage of turns spent in this place.
 D = Turns resting spent in this place as a percentage of non-inter-level travel turns spent in this place.
 E = Turns spent auto-exploring this place as a percentage of non-inter-level travel turns spent in this place.
 F = Non-inter-level travel turns spent in this place divided by the number of levels of this place that you've seen.
                   A       B       C       D       E      F
               +-------+-------+-------+-------+-------+----------------------
         Total | 100.0 | 100.0 |   2.9 |  20.3 |  59.5 | 653.3
       Dungeon |  99.6 |  99.9 |   2.6 |  20.3 |  59.5 | 783.6
        Temple |   0.4 |   0.1 |  86.7 |   0.0 |   0.0 |   2.0
               +-------+-------+-------+-------+-------+----------------------

Table legend:
 A = Kills in this place as a percentage of kills in entire the game.
 B = Kills by you in this place as a percentage of kills by you in the entire game.
 C = Kills by friends in this place as a percentage of kills by friends in the entire game.
 D = Other kills in this place as a percentage of other kills in the entire game.
 E = Experience gained in this place as a percentage of experience gained in the entire game.
 F = Experience gained in this place divided by the number of levels of this place that you have seen.
                   A       B       C       D       E      F
               +-------+-------+-------+-------+-------+----------------------
         Total | 100.0 | 100.0 |   N/A |   N/A | 100.0 | 251.7
       Dungeon | 100.0 | 100.0 |   N/A |   N/A | 100.0 | 302.0
               +-------+-------+-------+-------+-------+----------------------
